MID
QUAD CITIES RIVER BANDITS @ LEXINGTON LEGENDS
05/05/2044
 
TOP OF THE 1ST
Quad Cities River Bandits batting - Pitching for Lexington Legends : RHP Matt Voulgaris
Pitching: RHP Matt Voulgaris
Batting: LHB Kelvin Jones 0-0: Ball
1-0: Ball
2-0: Foul Ball, location: 2F
2-1: Foul Ball, location: 2F
2-2: Strikes out swinging
Batting: RHB Matt Parker 0-0: Called Strike
0-1: Ground out U3 (Groundball, 3, EV 108.1 MPH)
Batting: LHB Doug Anderson 0-0: Swinging Strike
0-1: Ball
1-1: Fly out, F8 (Line Drive, 8LM, EV 94.4 MPH)
Top of the 1st over - 0 runs, 0 hits, 0 errors, 0 left on base; Quad Cities 0 - Lexington 0
BOTTOM OF THE 1ST
Lexington Legends batting - Pitching for Quad Cities River Bandits : RHP Manny Bonilla
Pitching: RHP Manny Bonilla
Batting: RHB Danny Weisse 0-0: Ball
1-0: Foul Ball, location: 2F
1-1: Called Strike
1-2: Strikes out looking
Batting: RHB Justin Bonner 0-0: SINGLE (Groundball, 6M, EV 103.8 MPH) (infield hit)
Batting: LHB Danny Bailey 0-0: Ball
1-0: Ball
2-0: Ball
3-0: Base on Balls
Justin Bonner to second
Batting: LHB Ho-win Zhou 0-0: Ball
1-0: Ball
2-0: Ball
3-0: Called Strike
3-1: Grounds into double play, 4-6-3 (Groundball, 34, EV 105.0 MPH)
Bottom of the 1st over - 0 runs, 1 hit, 0 errors, 1 left on base; Quad Cities 0 - Lexington 0
TOP OF THE 2ND
Quad Cities River Bandits batting - Pitching for Lexington Legends : RHP Matt Voulgaris
Batting: RHB Pete Isley 0-0: Swinging Strike
0-1: Fly out, F7 (Line Drive, 7, EV 95.6 MPH)
Batting: RHB Jamie Jennings 0-0: Called Strike
0-1: Called Strike
0-2: Ball
1-2: Foul Ball, location: 2F
1-2: Ball
2-2: Ball
3-2: Foul Ball, location: 2F
3-2: Fly out, F8 (Flyball, 8LXD, EV 91.9 MPH)
Batting: SHB Paskar Adegoke 0-0: Called Strike
0-1: Ball
1-1: Swinging Strike
1-2: Ball
2-2: Strikes out swinging
Top of the 2nd over - 0 runs, 0 hits, 0 errors, 0 left on base; Quad Cities 0 - Lexington 0
BOTTOM OF THE 2ND
Lexington Legends batting - Pitching for Quad Cities River Bandits : RHP Manny Bonilla
Batting: RHB Kevin Roseen 0-0: Ball
1-0: Ball
2-0: Called Strike
2-1: Fly out, F9 (Line Drive, 9, EV 88.1 MPH)
Batting: RHB Taisei Fujii 0-0: Foul Ball, location: 2F
0-1: Ball
1-1: Foul Ball, location: 2F
1-2: Foul Ball, location: 2F
1-2: Ground out 5-3 (Groundball, 56, EV 90.6 MPH)
Batting: RHB Josh Martin 0-0: Called Strike
0-1: Foul Ball, location: 2F
0-2: Ball
1-2: Ground out 6-3 (Groundball, 6, EV 86.2 MPH)
Bottom of the 2nd over - 0 runs, 0 hits, 0 errors, 0 left on base; Quad Cities 0 - Lexington 0
TOP OF THE 3RD
Quad Cities River Bandits batting - Pitching for Lexington Legends : RHP Matt Voulgaris
Batting: RHB Joe Cook 0-0: Ball
1-0: Ball
2-0: Called Strike
2-1: Swinging Strike
2-2: Fly out, F9 (Flyball, 9, EV 98.1 MPH)
Batting: RHB Colin Cranford 0-0: Ball
1-0: Called Strike
1-1: Foul Ball, location: 2F
1-2: Strikes out looking
Batting: RHB Ben Glavich 0-0: Foul Ball, location: 2F
0-1: Foul Ball, location: 2F
0-2: Ball
1-2: SINGLE (Flyball, 8LS, EV 91.9 MPH)
Batting: LHB Kelvin Jones 0-0: Ball
1-0: Fielders Choice at 2nd, 6-4 (Groundball, 6, EV 104.4 MPH)
Top of the 3rd over - 0 runs, 1 hit, 0 errors, 1 left on base; Quad Cities 0 - Lexington 0
BOTTOM OF THE 3RD
Lexington Legends batting - Pitching for Quad Cities River Bandits : RHP Manny Bonilla
Batting: RHB Andy Urquhart 0-0: Foul Ball, location: 2F
0-1: Ground out 5-3 (Groundball, 5, EV 99.4 MPH)
Batting: LHB Josh Moore 0-0: Ball
1-0: SINGLE (Flyball, 6D, EV 96.2 MPH)
Batting: RHB Danny Weisse 0-0: Ball
1-0: Ball
2-0: SINGLE (Groundball, 56D, EV 102.5 MPH)
Josh Moore to second
Batting: RHB Justin Bonner 0-0: Ball
1-0: Called Strike
1-1: Ball
2-1: SINGLE (Groundball, 6MD, EV 98.1 MPH)
Josh Moore to third
Danny Weisse to second
Batting: LHB Danny Bailey 0-0: Fly out, F8 (Flyball, 8LD, EV 105.6 MPH)
Runner from 3rd tags up, SCORES, throw by CF
Danny Weisse to third
Batting: LHB Ho-win Zhou 0-0: Foul Ball, location: 2F
0-1: Ball
1-1: Ball
2-1: Called Strike
Justin Bonner steals 2nd base
2-2: Foul Ball, location: 2F
2-2: Foul Ball, location: 2F
2-2: Foul Ball, location: 2F
2-2: 3-RUN HOME RUN (Flyball, 9D, EV 96.9 MPH), Distance : 364 ft
Batting: RHB Kevin Roseen 0-0: Reached on error, E3 (Groundball, 34, EV 101.9 MPH)
Batting: RHB Taisei Fujii 0-0: Ball
1-0: Ball
2-0: Ground out 6-3 (Groundball, 6S, EV 91.2 MPH)
Bottom of the 3rd over - 4 runs, 4 hits, 1 error, 1 left on base; Quad Cities 0 - Lexington 4
TOP OF THE 4TH
Quad Cities River Bandits batting - Pitching for Lexington Legends : RHP Matt Voulgaris
Batting: RHB Matt Parker 0-0: Ground out 6-3 (Groundball, 6, EV 88.1 MPH)
Batting: LHB Doug Anderson 0-0: Hit by Pitch
Batting: RHB Pete Isley 0-0: Swinging Strike
0-1: Fly out, F9 (Flyball, 9LM, EV 88.1 MPH)
Batting: RHB Jamie Jennings 0-0: Called Strike
0-1: Swinging Strike
0-2: Ball
1-2: Foul Ball, location: 2F
1-2: Strikes out swinging
Top of the 4th over - 0 runs, 0 hits, 0 errors, 1 left on base; Quad Cities 0 - Lexington 4
BOTTOM OF THE 4TH
Lexington Legends batting - Pitching for Quad Cities River Bandits : RHP Manny Bonilla
Batting: RHB Josh Martin 0-0: Called Strike
0-1: Foul Ball, location: 2F
0-2: Strikes out swinging
Batting: RHB Andy Urquhart 0-0: Called Strike
0-1: Ball
1-1: Swinging Strike
1-2: Ball
2-2: Strikes out swinging
Batting: LHB Josh Moore 0-0: Ball
1-0: Ground out 3-1 (Groundball, 34, EV 81.2 MPH)
Bottom of the 4th over - 0 runs, 0 hits, 0 errors, 0 left on base; Quad Cities 0 - Lexington 4
TOP OF THE 5TH
Quad Cities River Bandits batting - Pitching for Lexington Legends : RHP Matt Voulgaris
Batting: SHB Paskar Adegoke 0-0: Ball
1-0: Foul Ball, location: 2F
1-1: Swinging Strike
1-2: Ball
2-2: Strikes out swinging
Pitching: LHP Anton Erlykov
Batting: RHB Joe Cook 0-0: Ball
1-0: Called Strike
1-1: Called Strike
1-2: Strikes out swinging
Batting: RHB Colin Cranford 0-0: Called Strike
0-1: Called Strike
0-2: Foul Ball, location: 2F
0-2: Ball
1-2: Foul Ball, location: 2F
1-2: Strikes out swinging
Top of the 5th over - 0 runs, 0 hits, 0 errors, 0 left on base; Quad Cities 0 - Lexington 4
BOTTOM OF THE 5TH
Lexington Legends batting - Pitching for Quad Cities River Bandits : RHP Manny Bonilla
Batting: RHB Danny Weisse 0-0: Ball
1-0: Swinging Strike
1-1: Swinging Strike
1-2: Ball
2-2: Ball
3-2: Base on Balls
Batting: RHB Justin Bonner 0-0: Ball
Danny Weisse steals 2nd base
1-0: Called Strike
1-1: Swinging Strike
1-2: Ground out 5-3 (Groundball, 56, EV 93.1 MPH)
Batting: LHB Danny Bailey 0-0: Called Strike
0-1: Ball
1-1: Ground out 5-3 (Groundball, 5S, EV 76.9 MPH)
Danny Weisse to third
Batting: LHB Ho-win Zhou 0-0: Ball
1-0: Called Strike
1-1: Ground out 4-3 (Groundball, 4S, EV 78.8 MPH)
Bottom of the 5th over - 0 runs, 0 hits, 0 errors, 1 left on base; Quad Cities 0 - Lexington 4
TOP OF THE 6TH
Quad Cities River Bandits batting - Pitching for Lexington Legends : LHP Anton Erlykov
Batting: RHB Ben Glavich 0-0: Swinging Strike
0-1: Ball
1-1: SINGLE (Groundball, 6MD, EV 98.8 MPH)
Batting: LHB Kelvin Jones 0-0: Ball
1-0: Foul Ball, location: 2F
1-1: SINGLE (Groundball, 6D, EV 101.2 MPH)
Ben Glavich to second
Batting: RHB Matt Parker 0-0: Fielders Choice at 2nd, 4-6 (Groundball, 4, EV 85.6 MPH)
Ben Glavich to third
Batting: LHB Doug Anderson 0-0: Ball
Matt Parker is caught stealing 2nd base 2-6
1-0: Swinging Strike
1-1: Foul Ball, location: 2F
1-2: Ball
2-2: Ball
3-2: Strikes out swinging
Top of the 6th over - 0 runs, 2 hits, 0 errors, 1 left on base; Quad Cities 0 - Lexington 4
BOTTOM OF THE 6TH
Lexington Legends batting - Pitching for Quad Cities River Bandits : RHP Manny Bonilla
Batting: RHB Kevin Roseen 0-0: Foul Ball, location: 2F
0-1: Swinging Strike
0-2: Ball
1-2: Foul Ball, location: 2F
1-2: Ball
2-2: Ball
3-2: SINGLE (Line Drive, 78S, EV 102.5 MPH)
Batting: RHB Taisei Fujii 0-0: Called Strike
Kevin Roseen steals 2nd base
0-1: Called Strike
0-2: Strikes out swinging
Batting: RHB Josh Martin 0-0: Ball
1-0: Called Strike
1-1: Fly out, F8 (Flyball, 8RD, EV 102.5 MPH)
Batting: RHB Andy Urquhart 0-0: Foul Ball, location: 2F
0-1: Called Strike
0-2: Strikes out swinging
Bottom of the 6th over - 0 runs, 1 hit, 0 errors, 1 left on base; Quad Cities 0 - Lexington 4
TOP OF THE 7TH
Quad Cities River Bandits batting - Pitching for Lexington Legends : LHP Anton Erlykov
Pitching: RHP Austin Aubuchon
Batting: RHB Pete Isley 0-0: Ground out U3 (Groundball, 3S, EV 80.6 MPH)
Batting: RHB Jamie Jennings 0-0: Swinging Strike
0-1: Swinging Strike
0-2: Strikes out swinging
Batting: SHB Paskar Adegoke 0-0: Called Strike
0-1: Ball
1-1: Ball
2-1: Swinging Strike
2-2: Ball
3-2: Foul Ball, location: 2F
3-2: Base on Balls
Batting: RHB Joe Cook 0-0: Foul Ball, location: 2F
0-1: Called Strike
0-2: Strikes out swinging
Top of the 7th over - 0 runs, 0 hits, 0 errors, 1 left on base; Quad Cities 0 - Lexington 4
BOTTOM OF THE 7TH
Lexington Legends batting - Pitching for Quad Cities River Bandits : RHP Manny Bonilla
Batting: LHB Josh Moore 0-0: Ball
1-0: Called Strike
1-1: Swinging Strike
1-2: Strikes out swinging
Batting: RHB Danny Weisse 0-0: Ball
1-0: Called Strike
1-1: Foul Ball, location: 2F
1-2: Ball
2-2: Ball
3-2: Base on Balls
Batting: RHB Justin Bonner 0-0: Ball
1-0: Swinging Strike
1-1: Foul Ball, location: 2F
1-2: Strikes out looking
Batting: LHB Danny Bailey 0-0: Called Strike
Danny Weisse steals 2nd base
0-1: Called Strike
0-2: Strikes out swinging passed ball, reaches first!
Danny Weisse to third
Pitching: RHP Justin Coney
Batting: LHB Ho-win Zhou 0-0: Called Strike
0-1: Fly out, F4 (Line Drive, 4, EV 66.2 MPH)
Bottom of the 7th over - 0 runs, 0 hits, 0 errors, 2 left on base; Quad Cities 0 - Lexington 4
TOP OF THE 8TH
Quad Cities River Bandits batting - Pitching for Lexington Legends : RHP Austin Aubuchon
Pitching: RHP Gabe Torres
Batting: RHB Colin Cranford 0-0: Ball
1-0: Ball
2-0: Ball
3-0: Base on Balls
Batting: RHB Ben Glavich 0-0: Called Strike
0-1: Grounds into double play, 4-6-3 (Groundball, 13, EV 82.5 MPH)
Batting: LHB Kelvin Jones 0-0: Swinging Strike
0-1: Swinging Strike
0-2: Ball
1-2: Foul Ball, location: 2F
1-2: Ball
2-2: Strikes out swinging
Top of the 8th over - 0 runs, 0 hits, 0 errors, 0 left on base; Quad Cities 0 - Lexington 4
BOTTOM OF THE 8TH
Lexington Legends batting - Pitching for Quad Cities River Bandits : RHP Justin Coney
Batting: RHB Kevin Roseen 0-0: Ball
1-0: Called Strike
1-1: SINGLE (Groundball, 4D, EV 96.9 MPH)
Batting: RHB Taisei Fujii 0-0: Ball
1-0: SINGLE (Groundball, 4M, EV 96.9 MPH) (infield hit)
Kevin Roseen to second
Batting: RHB Josh Martin 0-0: Ball
1-0: Fielders Choice at 2nd, 2-6 (Groundball, 13S, EV 75.6 MPH)
Kevin Roseen to third
Batting: RHB Andy Urquhart 0-0: Fly out, F9 (Flyball, 89M, EV 91.2 MPH)
Batting: LHB Josh Moore 0-0: Foul Ball, location: 2F
0-1: Ball
1-1: Foul Ball, location: 2F
1-2: Ground out 4-3 (Groundball, 4S, EV 90.0 MPH)
Bottom of the 8th over - 0 runs, 2 hits, 0 errors, 2 left on base; Quad Cities 0 - Lexington 4
TOP OF THE 9TH
Quad Cities River Bandits batting - Pitching for Lexington Legends : RHP Gabe Torres
Pitching: LHP Ken Milhouse
Batting: RHB Matt Parker 0-0: Called Strike
0-1: Ball
1-1: Called Strike
1-2: Fly out, F8 (Flyball, 8RM, EV 83.8 MPH)
Batting: LHB Doug Anderson 0-0: Foul Ball, location: 2F
0-1: Foul Ball, location: 2F
0-2: SINGLE (Groundball, 3S, EV 72.5 MPH) (infield hit)
Batting: RHB Pete Isley 0-0: Called Strike
0-1: Called Strike
0-2: Fly out, F8 (Flyball, 78D, EV 95.6 MPH)
Batting: RHB Jamie Jennings 0-0: Fly out, F9 (Line Drive, 9, EV 86.2 MPH)
Top of the 9th over - 0 runs, 1 hit, 0 errors, 1 left on base; Quad Cities 0 - Lexington 4
Thursday, March 31st , 2022 - OOTP Baseball 22.12 Build 89